 Seeded DCSS version 0.30.0-29-ga12c61a403 (webtiles) character file.

Game seed: 18007716519941398942 (custom seed)

4 Dadbod the Shield-Bearer (level 1, 18/18 HPs)
             Began as a Formicid Fighter on June 5, 2023.
             Quit the game on level 1 of the Dungeon.
             The game lasted 00:01:44 (120 turns).

Dadbod the Shield-Bearer (Formicid Fighter)          Turns: 120, Time: 00:01:45

Health: 18/18      AC: 10    Str: 23    XL:     1   Next: 77%
Magic:  1/1        EV: 22    Int:  7    God:
Gold:   0          SH: 16    Dex: 13    Spells: 0/0 levels left

rFire   . . .        a - +0 trident
rCold   . . .        f - +3 tower shield of Ymuliate {SInv Stlth+}
rNeg    . . .        b - +0 scale mail
rPois   .            (helmet unavailable)
rElec   .            (no cloak)
rCorr   .            (no gloves)
SInv    +            e - +2 pair of boots "Deluod" {Str+3}
Will    .....        g - amulet of Talotuz {Acrobat +Inv Regen+}
Stlth   +            (no ring)
HPRegen 1.03/turn    (no ring)
MPRegen 0.07/turn

%: acrobat
@: acrobatic
A: permanent stasis, dig shafts and tunnels, antennae 3, four strong arms
a: Dig, Shaft Self, Evoke Invisibility


You were on level 1 of the Dungeon.
You visited 1 branch of the dungeon, and saw 1 of its levels.

Inventory:

Hand Weapons
 a - a +0 trident (weapon)
Armour
 b - a +0 scale mail (worn)
 c - a +0 buckler
 e - the +2 pair of boots "Deluod" (worn) {Str+3}
   (You acquired it on level 1 of the Dungeon)

   Str:       It affects your strength (+3).
 f - the +3 tower shield of Ymuliate (worn) {SInv Stlth+}
   (You acquired it on level 1 of the Dungeon)

   SInv:      It lets you see invisible.
   Stlth:     It makes you more stealthy.
Jewellery
 g - the amulet of Talotuz (around neck) {Acrobat +Inv Regen+}
   (You acquired it on level 1 of the Dungeon)

   [amulet of the acrobat]

   It increases your evasion while moving and waiting.
   +Inv:      It lets you turn invisible.
   Regen:     It increases your rate of health regeneration.
Potions
 d - a potion of might


   Skills:
 + Level 3.4 Fighting
 + Level 2.0 Polearms
 + Level 3.4 Armour
 + Level 4.1 Shields


You couldn't memorise any spells.
You didn't know any spells.
Your spell library was empty.

Dungeon Overview and Level Annotations

Branches:
Dungeon (1/15)

Altars:


Innate Abilities, Weirdness & Mutations

You cannot be hasted, slowed, berserked, paralysed or teleported.
You can dig through walls and to a lower floor.
You have a pair of large antennae on your head. (SInv)
Your four strong arms can wield two-handed weapons with a shield.


Message History

Aim: an endoplasm (about 15% to evade your +0 trident)
You reach to attack!
You hit the endoplasm.
The endoplasm is moderately wounded.
You barely miss the endoplasm.
The endoplasm is moderately wounded.
The endoplasm closely misses you. You block the endoplasm's attack.
You hit the endoplasm.
The endoplasm is severely wounded.
The endoplasm freezes you.
You are frozen.
You hit the endoplasm.
You kill the endoplasm!
You see here a +0 dagger.
Found 3 scrolls labelled DICAOL JAOKK.
e - 3 scrolls labelled DICAOL JAOKK This is a scroll of acquirement!
Something appears at your feet!
f - the +3 tower shield of Ymuliate {SInv Stlth+} You start removing your armour.
You continue taking off your +0 buckler. x4
You finish taking off your +0 buckler.
You start putting on your armour.
You continue putting on the +3 tower shield of Ymuliate {SInv Stlth+}. x5
You finish putting on the +3 tower shield of Ymuliate {SInv Stlth+}.
Something appears at your feet!
g - the amulet of Talotuz {Acrobat +Inv Regen+} You start putting on your amulet.
You continue putting on the amulet of Talotuz {Acrobat +Inv Regen+}. x5
You finish putting on the amulet of Talotuz {Acrobat +Inv Regen+}.
You feel ready to tumble and roll out of harm's way.
The amulet of Talotuz throbs as it attunes itself to your uninjured body.
g - the amulet of Talotuz (around neck) {Acrobat +Inv Regen+} Something appears at your feet!
e - the +2 pair of boots "Deluod" {Str+3} You start putting on your armour.
You continue putting on the +2 pair of boots "Deluod" {Str+3}. x4
You finish putting on the +2 pair of boots "Deluod" {Str+3}.
You feel stronger.
Unknown command.
Are you sure you want to abandon this character and quit the game? (Confirm with "yes".)

.# #.#.#
. #.# #
#.# #.#
#######
#.# #..
..#
###.#####
#.# #.#
#......)#
#.# #.#
#.#.##.##
#.# #.#
#.#..#.#
##.###@#{
# ##.#.#
#...)..#
.#.#
#.?###.#
{ .#.#
#..# #.#
.#.# #..#
### .#.#
#..# #.#
#..# #.#
#..# #.#
#..#


There were no monsters in sight!

Vanquished Creatures
  An endoplasm (D:1)
  A goblin (D:1)
  A hobgoblin (D:1)
  A frilled lizard (D:1)
4 creatures vanquished.

Notes
Turn   | Place    | Note
-------+----------+-------------------------------------------
     0 | D:1      | Dadbod the Formicid Fighter began the quest for the Orb.
     0 | D:1      | Reached XP level 1. HP: 18/18 MP: 1/1
    92 | D:1      | Identified 3 scrolls of acquirement
    92 | D:1      | Acquired the +3 tower shield of Ymuliate {SInv Stlth+}
   104 | D:1      | Acquired the amulet of Talotuz {Acrobat +Inv Regen+}
   111 | D:1      | Acquired the +2 pair of boots "Deluod" {Str+3}
   120 | D:1      | Quit the game

Illustrated notes

Levels and vault maps discovered:
D:1:      psy_arrival_dodecagon, layout_basic,
          dreamdust_ecumenical_altar_sealed_demon

Action                     || total
---------------------------++-------
  Melee: Trident           ||     7
    Use: Scroll            ||     3
  Dodge: Dodged            ||     1
  Block: Buckler           ||     1
